 Dungeon Crawl Stone Soup version 0.30.1-4-g462c640d31 (webtiles) character file.

Game seed: 18107050626366967369

1023445 wingedge the Pyromancer (level 27, -16/242 HPs)
             Began as a Demigod Earth Elementalist on Sept 5, 2023.
             Killed from afar by a Hell Sentinel (43 damage)
             ... with an iron shot
             ... on level 2 of the Iron City of Dis on Sept 12, 2023.
             The game lasted 10:35:17 (86705 turns).

wingedge the Pyromancer (DgEE)                     Turns: 86705, Time: 10:35:18

Health: -16/242    AC:  4    Str:  9 (17) XL:     27
Magic:  8/52       EV: 21    Int: 57 (58) God:
Gold:   7227       SH:  9    Dex: 18 (20) Spells: 2/64 levels left

rFire   + + +        y - staff of fire "Folerel" {rF+ rC+}
rCold   + + +        F - +1 buckler of Broken Taboos {Drain rC+++ Regen+ Dex-3}
rNeg    . . .        D - +0 toga "Victory" {*Victory Clar}
rPois   .            R - +2 hood of the Assassin {Detect Stab+ Stlth++}
rElec   +            Y - +1 cloak of Gum Sul {Drain rC+ Int+5}
rCorr   +            J - +2 pair of gloves {Dex+3}
SInv    +            X - +0 pair of boots of Zyosorph {rF+ Regen+ rCorr}
Will    +++++        M - amulet "Bijuwac" {RegenMP *Corrode rC- Regen+ Int+5}
Stlth   ++++++       i - ring "Ilavorul" {rElec Will+++ AC+4 Int+3 Slay-5}
HPRegen 3.80/turn    O - ring of the Suburbs {Wiz rF+ Str+4 Dex+4 SInv}
MPRegen 0.73/turn

%: corrode self (3%), clarity, wizardry (x1)
@: corroded
A: high MP 1, forlorn, divine attributes, hooves 1, clumsy 1, regeneration 1
}: 11/15 runes: decaying, serpentine, slimy, silver, golden, abyssal, demonic,
glowing, magical, fiery, dark
a: no special abilities


You were on level 2 of the Iron City of Dis.
You visited 14 branches of the dungeon, and saw 60 of its levels.
You visited Pandemonium 2 times, and saw 16 of its levels.
You visited the Abyss 2 times.
You also visited: Sewer and Ice Cave.

You collected 13798 gold pieces.
You spent 6571 gold pieces at shops.

Inventory:

Hand Weapons
 a - the +1 scimitar "Osya" {heavy, rPois rF+++ Str+2 Int-2}
   (You found it on level 4 of the Vaults)

   Str:       It affects your strength (+2).
   Int:       It affects your intelligence (-2).
   rF:        It renders you almost immune to fire.
   rPois:     It protects you from poison.
 b - the +2 Maxwell's thermic engine {flame, freeze, rev}
   (You bought it in a shop on level 2 of the Elven Halls)
 h - a +9 eudemon blade of holy wrath
Missiles
 n - 8 throwing nets
Armour
 w - a +2 helmet of see invisible
 D - the +0 toga "Victory" (worn) {*Victory Clar}
   (You found it on level 3 of the Elven Halls)

   *Victory:  When the wearer kills a threatening monster, it has a chance to
   gain +1 AC, +1 Slay, and +1 Int, capping at +7.
   When the wearer uses a scroll or a potion with a hostile monster in sight,
   its bonuses reset to +0.
   Unequipping it also resets its bonuses to +0.
   Clar:      It protects you from confusion, rage, mesmerisation and fear.
 F - the +1 buckler of Broken Taboos (worn) {Drain rC+++ Regen+ Dex-3}
   (You acquired it on level 2 of the Realm of Zot)

   Dex:       It affects your dexterity (-3).
   rC:        It renders you almost immune to cold.
   Regen:     It increases your rate of health regeneration.
   Drain:     It drains your maximum health when unequipped.
 J - a +2 pair of gloves of dexterity (worn)
 R - the +2 hood of the Assassin (worn) {Detect Stab+ Stlth++}
   (You found it on level 3 of the Realm of Zot)

   Detect:    It allows the wearer to sense nearby creatures.
   Stab+:     It allows the wearer to make particularly effective stabbing
   attacks against helpless or unaware enemies with any weapon.
   Stlth:     It makes you much more stealthy.
 X - the +0 pair of boots of Zyosorph (worn) {rF+ Regen+ rCorr}
   (You found it on level 1 of the Realm of Zot)

   rF:        It protects you from fire.
   Regen:     It increases your rate of health regeneration.
   rCorr:     It protects you from acid and corrosion.
 Y - the +1 cloak of Gum Sul (worn) {Drain rC+ Int+5}
   (You found it in Pandemonium)

   Int:       It affects your intelligence (+5).
   rC:        It protects you from cold.
   Drain:     It drains your maximum health when unequipped.
Magical Staves
 r - the staff of air "Jyoprefi" {Fly rElec rPois rC+}
   (You found it on level 5 of the Pits of Slime)

   [staff of air]

   Base accuracy: +5 Base damage: 5 Base attack delay: 1.2 This weapon's minimum
   attack delay (0.6) is reached at skill level 12.
   rC:        It protects you from cold.
   rElec:     It insulates you from electricity.
   rPois:     It protects you from poison.
   Fly:       It grants you flight.
   It falls into the 'Staves' category.
   It is a one-handed weapon.
 y - the staff of fire "Folerel" (weapon) {rF+ rC+}
   (You found it on level 5 of the Pits of Slime)

   [staff of fire]

   Base accuracy: +5 Base damage: 5 Base attack delay: 1.2 This weapon's minimum
   attack delay (0.6) is reached at skill level 12.
   rF:        It protects you from fire.
   rC:        It protects you from cold.
   It falls into the 'Staves' category.
   It is a one-handed weapon.
Jewellery
 f - the ring of Cueguus {Fly rN+++ MP+9 Dex-3 Stlth-}
   (You found it on level 3 of the Tomb of the Ancients)

   [ring of magical power]

   Dex:       It affects your dexterity (-3).
   rN:        It renders you almost immune to negative energy.
   MP:        It affects your magic capacity (+9).
   Fly:       It grants you flight.
   Stlth:     It makes you less stealthy.
 i - the ring "Ilavorul" (left hand) {rElec Will+++ AC+4 Int+3 Slay-5}
   (You acquired it on level 1 of the Depths)

   [ring of protection]

   AC:        It affects your AC (+4).
   Int:       It affects your intelligence (+3).
   Slay:      It affects your accuracy & damage with ranged weapons and melee
   (-5).
   rElec:     It insulates you from electricity.
   Will:      It greatly increases your willpower.
 x - the ring "Amademu" {Ice Contam rPois Int+3 SInv}
   (You found it on level 1 of the Crypt)

   [ring of ice]

   It enhances your ice magic.
   Int:       It affects your intelligence (+3).
   rF:        It makes you vulnerable to fire.
   rC:        It protects you from cold.
   rPois:     It protects you from poison.
   SInv:      It lets you see invisible.
   Contam:    It causes magical contamination when unequipped.
 K - the ring "Taol" {rN++ Str-2 Dex+6 SInv}
   (You found it on level 1 of the Crypt)

   [ring of dexterity]

   Str:       It affects your strength (-2).
   Dex:       It affects your dexterity (+6).
   rN:        It greatly protects you from negative energy.
   SInv:      It lets you see invisible.
 M - the amulet "Bijuwac" (around neck) {RegenMP *Corrode rC- Regen+ Int+5}
   (You bought it in a shop on level 3 of the Snake Pit)

   [amulet of magic regeneration]

   It increases your rate of magic regeneration.
   Int:       It affects your intelligence (+5).
   rC:        It makes you vulnerable to cold.
   Regen:     It increases your rate of health regeneration.
   *Corrode:  It may corrode you when you take damage.
 O - the ring of the Suburbs (right hand) {Wiz rF+ Str+4 Dex+4 SInv}
   (You found it on level 3 of the Tomb of the Ancients)

   [ring of wizardry]

   It improves your spell success rate.
   Str:       It affects your strength (+4).
   Dex:       It affects your dexterity (+4).
   rF:        It protects you from fire.
   SInv:      It lets you see invisible.
 P - the ring "Egohirpha" {Wiz rN+++ rCorr Str-5 Int+2}
   (You found it in Pandemonium)

   [ring of wizardry]

   It improves your spell success rate.
   Str:       It affects your strength (-5).
   Int:       It affects your intelligence (+2).
   rN:        It renders you almost immune to negative energy.
   rCorr:     It protects you from acid and corrosion.
 V - a ring of poison resistance
Wands
 B - a wand of digging (33)
 E - a wand of quicksilver (65)
Scrolls
 c - 3 scrolls of amnesia
 d - 8 scrolls of immolation
 e - 6 scrolls of magic mapping
 g - 4 scrolls of torment
 k - 37 scrolls of teleportation
 l - 17 scrolls of fog
 t - 14 scrolls of fear
 C - 8 scrolls of silence
 I - 5 scrolls of enchant armour
Potions
 j - 11 potions of cancellation
 m - 12 potions of might
 p - 5 potions of mutation
 s - 8 potions of berserk rage
 u - 27 potions of curing
 v - 8 potions of haste
 A - 7 potions of resistance
 G - 11 potions of brilliance
 N - 23 potions of flight
 T - 5 potions of ambrosia
 U - 6 potions of invisibility
 W - 2 potions of heal wounds
 Z - 2 potions of magic
Miscellaneous
 o - the horn of Geryon
 H - a figurine of a ziggurat
 S - a phantom mirror (quivered)


   Skills:
 + Level 18.8 Fighting
 + Level 11.7 Long Blades
 - Level 12.0 Armour
 + Level 14.4 Dodging
 - Level 7.3 Stealth
 - Level 15.0 Shields
 + Level 19.2 Spellcasting
 - Level 20.1 Conjurations
 - Level 7.0 Hexes
 - Level 15.0 Necromancy
 - Level 7.0 Translocations
 - Level 15.0 Transmutations
 - Level 21.0 Fire Magic
 + Level 9.6 Ice Magic
 - Level 17.0 Earth Magic


You had 2 spell levels left.
You knew the following spells:

 Your Spells              Type           Power      Damage    Failure   Level
a - Borgnjor's Vile Clut  Necr/Erth      63%        N/A       0%          5
b - Fire Storm            Conj/Fire      81%        8d21      2%          9
c - Lee's Rapid Deconstr  Erth           64%        3d29*     0%          5
d - Ignition              Fire           82%        3d21      1%          8
e - Necromutation         Tmut/Necr      61%        N/A       1%          8
f - Infestation           Necr           61%        N/A       1%          8
g - Death Channel         Necr           61%        N/A       1%          6
h - Ozocubu's Armour      Ice            100%       N/A       0%          3
i - Sublimation of Blood  Necr           100%       N/A       0%          2
j - Lehudib's Crystal Sp  Conj/Erth      66%        10d15     1%          8

Your spell library contained the following spells:

 Spells                   Type           Power      Damage    Failure   Level
 Apportation              Tloc           100%       N/A       0%          1
 Beastly Appendage        Tmut           100%       N/A       0%          1
 Foxfire                  Conj/Fire      100%       2x1d9     0%          1
 Magic Dart               Conj           100%       1d8       0%          1
 Necrotise                Necr           100%       1d9       0%          1
 Sandblast                Erth           100%       2d20      0%          1
 Slow                     Hex            100%       N/A       0%          1
 Blink                    Tloc           100%       N/A       0%          2
 Ensorcelled Hibernation  Hex/Ice        100%       N/A       0%          2
 Lesser Beckoning         Tloc           100%       N/A       0%          2
 Momentum Strike          Conj/Tloc      100%       3d10      0%          2
 Passwall                 Tmut/Erth      100%       N/A       0%          2
 Scorch                   Fire           100%       2d9       0%          2
 Searing Ray              Conj           100%       2d8       0%          2
 Static Discharge         Conj/Air       100%       2-7/arc   0%          2
 Wereblood                Tmut           100%       N/A       0%          2
 Summon Small Mammal      Summ           100%       N/A       1%          1
 Call Imp                 Summ           100%       N/A       1%          2
 Dazzling Flash           Conj/Hex       100%       N/A       0%          3
 Hailstorm                Conj/Ice       100%       3d20      0%          3
 Ignite Poison            Fire/Tmut/Pois 100%       N/A       0%          3
 Inner Flame              Hex/Fire       100%       N/A       0%          3
 Stone Arrow              Conj/Erth      100%       3d13      0%          3
 Vampiric Draining        Necr           100%       2d13      0%          3
 Volatile Blastmotes      Fire/Tloc      100%       2d18      0%          3
 Animate Dead             Necr           100%       N/A       0%          4
 Flame Wave               Conj/Fire      100%       2d21      0%          4
 Fulminant Prism          Conj/Hex       59%        3d24      0%          4
 Ice Form                 Ice/Tmut       100%       N/A       0%          4
 Iskenderun's Mystic Bla  Conj/Tloc      100%       2d19      0%          4
 Leda's Liquefaction      Hex/Erth       56%        N/A       0%          4
 Petrify                  Tmut/Erth      100%       N/A       0%          4
 Sticky Flame             Conj/Fire      100%       2d11      0%          4
 Agony                    Necr           100%       N/A       0%          5
 Blade Hands              Tmut           61%        N/A       0%          5
 Fireball                 Conj/Fire      81%        3d30      0%          5
 Iskenderun's Battlesphe  Conj           100%       2d15      0%          5
 Starburst                Conj/Fire      81%        6d21      0%          6
 Call Canine Familiar     Summ           53%        N/A       1%          3
 Confusing Touch          Hex            94%        N/A       1%          3
 Gell's Gravitas          Tloc           94%        N/A       1%          3
 Mephitic Cloud           Conj/Pois/Air  92%        N/A       1%          3
 Portal Projectile        Hex/Tloc       100%       N/A       1%          3
 Spider Form              Tmut/Pois      96%        N/A       1%          3
 Summon Guardian Golem    Hex/Summ       76%        N/A       1%          3
 Teleport Other           Tloc           94%        N/A       1%          3
 Tukima's Dance           Hex            94%        N/A       1%          3
 Vhi's Electric Charge    Tloc/Air       100%       N/A       1%          3
 Airstrike                Air            26%        2d(4-20)  1%          4
 Anguish                  Hex/Necr       55%        N/A       1%          4
 Cause Fear               Hex            47%        N/A       1%          4
 Olgreb's Toxic Radiance  Pois           53%        N/A       1%          4
 Passage of Golubria      Tloc           94%        N/A       1%          4
 Summon Ice Beast         Ice/Summ       83%        N/A       1%          4
 Summon Lightning Spire   Summ/Air       53%        N/A       1%          4
 Alistair's Intoxication  Tmut/Pois      64%        N/A       1%          5
 Arcjolt                  Conj/Air       53%        1d63      1%          5
 Freezing Cloud           Conj/Ice/Air   53%        6-21      1%          5
 Metabolic Englaciation   Hex/Ice        49%        N/A       1%          5
 Silence                  Hex/Air        38%        N/A       1%          5
 Summon Forest            Summ/Tloc      38%        N/A       1%          5
 Summon Mana Viper        Hex/Summ       76%        N/A       1%          5
 Yara's Violent Unravell  Hex/Tmut       55%        3d21      1%          5
 Conjure Ball Lightning   Conj/Air       53%        3x3d18    1%          6
 Dispersal                Tloc           47%        N/A       1%          6
 Eringya's Noxious Bog    Tmut/Pois      48%        N/A       1%          6
 Plasma Beam              Fire/Air       66%        2x1d90    1%          6
 Simulacrum               Ice/Necr       57%        N/A       1%          6
 Statue Form              Tmut/Erth      84%        N/A       1%          6
 Dragon Form              Tmut           61%        N/A       1%          7
 Orb of Destruction       Conj           68%        9d16      1%          7
 Ozocubu's Refrigeration  Ice            52%        4d19      1%          7
 Spellforged Servitor     Conj/Summ      53%        N/A       1%          7
 Borgnjor's Revivificati  Necr           61%        N/A       1%          8
 Enfeeble                 Hex            47%        N/A       4%          7
 Haunt                    Necr/Summ      48%        N/A       4%          7
 Storm Form               Tmut/Air       48%        N/A       4%          7
 Summon Cactus Giant      Summ           26%        N/A       16%         6
 Death's Door             Necr           61%        N/A       22%         9
 Discord                  Hex            47%        N/A       34%         8
 Summon Hydra             Summ           26%        N/A       61%         7
 Chain Lightning          Conj/Air       53%        3d70      82%         9
 Polar Vortex             Ice            52%        N/A       86%         9
 Maxwell's Capacitive Co  Air            26%        ∞         99%         8
 Summon Horrible Things   Summ           26%        N/A       99%         8
 Dragon's Call            Summ           26%        N/A       100%        9


Dungeon Overview and Level Annotations

Branches:
Dungeon (15/15)            Temple (0/1) D:7            Lair (5/5) D:11
  Swamp (4/4) Lair:3        Snake (4/4) Lair:2        Slime (5/5) Lair:4
    Orc (2/2) D:12            Elf (3/3) Orc:2        Vaults (5/5) D:14
  Crypt (3/3) Vaults:3       Tomb (3/3) Crypt:3      Depths (4/4) D:15
   Hell (visited)             Dis (2/7) Hell            Geh (0/7) Hell
    Coc (0/7) Hell            Tar (0/7) Hell            Zot (4/5) Depths:4
  Sewer (visited)           IceCv (visited)

Shops:
D:4 !   Orc:1 [   Orc:2 =[!!   Elf:1 [   Elf:2 (![   Snake:2 *   Snake:3 =::
Vaults:3 ?   Vaults:4 ?   Vaults:5 **

Portals:
Hell: Depths:1 Depths:2 Depths:3 Depths:4
Abyss: Lair:5 Swamp:2 Depths:3
Pandemonium: Depths:2
Ziggurat: Depths:4


Innate Abilities, Weirdness & Mutations

You have an increased reservoir of magic. (+10% MP)
You shall have no god before yourself.
Your divine heritage dramatically boosts your attributes as you level up.
You have large cloven feet.
You are clumsy. (Dex -2)
Your natural rate of healing is unusually fast.


Message History

You feel much better. The hellion gestures at you.
The sphere of damnation explodes!
The damnation engulfs you!!
* * * LOW HITPOINT WARNING * * *
You feel much better.
Your surroundings suddenly seem different.
An ancient champion comes into view. It is wielding a +3 great mace.
The hellion gestures at you.
The sphere of damnation explodes!
The damnation engulfs you!!
* * * LOW HITPOINT WARNING * * *
As you read the scroll of summoning, it crumbles to dust.
Wisps of shadow whirl around you...
The war gargoyle launches metal splinters at you.
The spray of metal splinters hits your crystal echidna!!!
The spray of metal splinters misses your quicksilver elemental.
The Hell Sentinel barely misses you. The Hell Sentinel hits you!
* * * LOW HITPOINT WARNING * * *
The golden dragon breathes poison at you.
You block the ancient champion's attack.
Your quicksilver elemental hits the Hell Sentinel!
The Hell Sentinel's magic leaks into the air.
Your ancient champion hits the hellion with a +3 great mace!!
You block the Hell Sentinel's attack. x2
Your crystal echidna throws crystal bolt at the war gargoyle.
The crystal bolt burns the golden dragon!!
The golden dragon resists.
The crystal bolt burns the war gargoyle.
The war gargoyle resists.
You feel much better.
Your quicksilver elemental breathes dispelling energy at the Hell Sentinel.
The bolt of dispelling energy hits the Hell Sentinel!!
The Hell Sentinel's magical effects unravel!
The hellion hits you but does no damage.
Your ancient champion hits the hellion with a +3 great mace!
The hellion dies!
The ancient champion hits you with a +3 great mace!!!
* * * LOW HITPOINT WARNING * * *
The Hell Sentinel gestures at you. The iron shot hits you!!!
You die...

#.....# +.....+ #.....#
#⌠....# #.....' #.....#
#...z.# . #....@#####..
..#######+#...1z○......
.............☼○○z......
............9r☼E○......
........>...D..☼......^
............D..☼.......
.............D#9.......
....#+#+#......D..#....
... +.#†...........


You could see an iron golem, a Hell Sentinel (ally target), an iron dragon, 3
golden dragons, an ancient champion (ally target), a war gargoyle (catching
breath, ally target), a friendly quicksilver elemental (summoned, catching
breath), 2 friendly ancient champions and a friendly crystal echidna (summoned).

Vanquished Creatures
  Cerebov (Pan)
  the Royal Jelly (Slime:5)
  Lom Lobon (Pan)
  Gloorx Vloq (Pan)
  Mnoleg (Pan)
  A seraph (Pan)
  Khufu (Crypt:3)
  3 ancient liches
  A dread lich (Vaults:5)
  2 orbs of fire
  4 pandemonium lords (Pan)
  22 royal mummies
  Josephina (Depths:2)
  Parghit (Zot:2)
  A Killer Klown (Zot:3)
  Saint Roka (Elf:3)
  The ghost of Nornya the Convoker, a veteran MfSu of Ashenzari (Vaults:4)
  4 curse toes
  Geryon (Hell)
  4 caustic shrikes (Dis:2)
  11 golden dragons
  Jory (Depths:4)
  4 bone dragons
  Nikola (Elf:3)
  the Enchantress (Depths:2)
  2 doom hounds (Hell)
  2 electric golems (Zot:4)
  A Brimstone Fiend (Pan)
  9 tentacled monstrosities
  A walking earthen tome (Depths:4)
  2 Hell Sentinels
  An Ice Fiend (Tomb:3)
  2 walking frostbound tomes
  11 liches
  Asterion (Elf:1)
  9 quicksilver dragons
  8 titans
  A walking divine tome (Depths:1)
  3 deep elf master archers
  8 acid blobs
  27 Executioners (Pan)
  The ghost of pkoi the Severer, an adept MiGl of Okawaru (Snake:1)
  2 deep elf blademasters
  Gastronok (Lair:1)
  10 sphinxes
  16 ancient champions
  8 tentacled starspawn
  4 death cobs
  11 shadow dragons
  7 tengu reavers
  8 storm dragons
  Kirke (Swamp:4)
  9 azure jellies
  5 nagarajas
  2 draconian monks
  11 demonspawn warmongers (Pan)
  9 fire giants
  3 revenants
  3 rockslimes
  A quicksilver elemental (Dis:1)
  6 daevas
  2 ghost moths
  7 deep elf sorcerers
  12 balrugs
  4 draconian scorchers
  8 frost giants
  8 ghouls
  8 draconian knights
  5 iron dragons
  Louise (Depths:3)
  12 vault wardens
  5 deep elf elementalists
  An orc warlord (Vaults:4)
  4 spriggan defenders
  3 draconian shifters
  2 caustic shrike skeletons
  A caustic shrike zombie (Hell)
  2 curse skulls (Pan)
  A shard shrike simulacrum (Hell)
  21 cacodemons (Pan)
  5 reapers
  10 angels
  10 quicksilver oozes
  27 very ugly things
  3 draconian stormcallers
  4 demonspawn corrupters (Pan)
  5 demonspawn blood saints (Pan)
  18 ironbound preservers
  8 war gargoyles
  4 draconian annihilators
  21 green draconians
  4 deep elf demonologists
  6 ophanim
  15 stone giants
  8 vampire knights
  The ghost of gummiwulf the Bludgeoner, a journeyman MiFi of Qazlal (Swamp:2)
  4 ironbound thunderhulks
  An eleionoma (Swamp:3)
  6 bennus
  An apis (Pan)
  10 purple draconians
  8 deep elf annihilators
  3 demonspawn black suns (Pan)
  A wendigo (Hell)
  13 yellow draconians
  3 lorocyprocas
  10 black draconians
  7 dire elephants
  2 bunyips
  7 red draconians
  2 spark wasps (Depths:1)
  7 eidola
  10 blizzard demons
  13 fire dragons
  9 white draconians
  2 merfolk javelineers
  3 green deaths (Pan)
  A very ugly thing zombie (Depths:2)
  6 merfolk impalers
  A spectral golden dragon (Depths:1)
  16 mummy priests
  A crystal guardian (Vaults:4)
  9 deep elf death magi
  9 ettins
  An entropy weaver (Vaults:1)
  4 deep elf high priests
  An entropy weaver (shapeshifter) (D:15)
  A spriggan zombie (Crypt:1)
  An iron golem (Hell)
  10 jiangshi
  A quicksilver dragon zombie (Crypt:1)
  15 yaktaur captains
  15 hydras
  12 ice dragons
  Harold (Orc:1)
  A spectral tengu (Depths:1)
  31 vault guards
  Erolcha (Orc:1)
  6 rakshasas
  5 ogre magi
  13 great orbs of eyes
  3 hell beasts
  2 juggernaut simulacra (Depths:1)
  2 peacekeepers (Vaults:4)
  A salamander tyrant (Snake:4)
  2 catoblepae (Abyss:3)
  A caustic shrike simulacrum (Depths:1)
  6 alligators
  7 anacondas
  19 centaur warriors
  4 spriggan air magi
  8 two-headed ogres
  11 ironbound frosthearts
  An anaconda (shapeshifter) (Depths:1)
  2 death knights
  A deep troll shaman (Depths:4)
  A fenstrider witch skeleton (Crypt:1)
  9 boulder beetles
  6 naga warriors (Snake:4)
  12 death yaks
  14 tengu warriors
  24 dancing weapons
  47 death scarabs
  A hell hog (Hell)
  5 deep troll earth magi
  6 spriggan berserkers
  8 vampire magi
  5 naga sharpshooters
  4 thrashing horrors (Lair:5)
  A titan zombie (Tomb:3)
  2 titan skeletons
  7 hell knights
  6 shock serpents
  18 deep elf knights
  35 sun demons
  Sonja (Lair:1)
  Nergalle (Orc:2)
  13 sixfirhies
  2 iron trolls
  28 soul eaters
  Amaemon (D:8)
  A skyshark (shapeshifter) (Depths:2)
  9 shadow wraiths
  A spatial maelstrom (Abyss:3)
  3 salamander mystics
  25 skeletal warriors
  A spark wasp zombie (Crypt:3)
  4 goliath frogs
  2 death drakes
  A skyshark (Lair:3)
  A bog body (Crypt:2)
  A storm dragon skeleton (Pan)
  3 cherubim (Pan)
  2 spriggan riders
  7 glowing orange brains
  13 wizards
  2 spriggan simulacra
  5 flayed ghosts (Crypt:3)
  A quicksilver dragon simulacrum (Hell)
  A tengu zombie (Depths:1)
  34 deep trolls
  2 spriggan druids (Swamp:1)
  An orb spider (shapeshifter) (Vaults:5)
  10 shadow demons (Pan)
  7 swamp dragons
  Lodul (D:10)
  An anaconda skeleton (Crypt:3)
  5 lindwurms
  6 phantasmal warriors
  2 deep elf archers (Elf:2)
  10 ironbound convokers
  14 mana vipers
  28 deep elf pyromancers
  A shadow dragon zombie (Crypt:1)
  4 orc knights
  8 harpies
  5 naga ritualists
  2 starcursed masses (Abyss:2)
  An iron dragon zombie (Crypt:1)
  7 orc sorcerers
  2 wolf spiders (shapeshifter)
  2 ugly thing zombies
  22 deep elf zephyrmancers
  A jorogumo zombie (Crypt:2)
  12 necromancers
  5 shining eyes
  2 shadow dragon skeletons
  12 salamanders
  4 cyclopes
  A frost giant zombie (Vaults:3)
  3 will-o-the-wisps
  27 moths of wrath
  An eleionoma skeleton (Crypt:1)
  A stone giant zombie (Depths:1)
  8 elephants
  An elephant (shapeshifter) (Lair:5)
  39 ugly things
  4 dire elephant zombies
  16 naga magi
  A black mamba (shapeshifter) (Abyss:3)
  A shock serpent zombie (Snake:2)
  3 worldbinders
  3 eyes of devastation
  An ice statue (IceCv)
  Joseph (D:8)
  An apocalypse crab (Abyss:1)
  32 black mambas
  19 vault sentinels
  3 naga zombies (Crypt:1)
  8 demonic crawlers
  11 smoke demons
  2 torpor snails
  A rust devil (Hell)
  2 gargoyles
  8 guardian serpents (Snake:4)
  A naga skeleton (Pan)
  19 orange demons
  9 cane toads
  2 unseen horrors
  5 centaur skeletons
  27 yaktaurs
  2 efreet (Pan)
  4 hellions (Pan)
  2 dire elephant skeletons (Pan)
  Maggie (D:6)
  A shock serpent skeleton (Crypt:2)
  An unseen horror (shapeshifter) (D:14)
  7 spriggan skeletons
  10 freezing wraiths
  2 rime drakes
  A yaktaur (shapeshifter) (Elf:2)
  18 ice devils
  12 komodo dragons
  A red draconian zombie (Zot:1)
  A tormentor (Pan)
  A human skeleton (Vaults:3)
  An alligator snapping turtle skeleton (Crypt:3)
  36 guardian mummies
  A yaktaur skeleton (Vaults:4)
  4 tengu conjurers
  2 catoblepas skeletons (Abyss:3)
  2 golden dragon simulacra (Depths:1)
  2 ancient zymes
  5 trolls
  2 harpy zombies
  8 hellwings
  5 tyrant leeches
  A bloated husk (Swamp:1)
  2 red devils
  2 moth of wrath zombies
  2 harpy skeletons
  A wolf spider simulacrum (D:14)
  A shadow dragon simulacrum (Depths:2)
  2 polar bears
  A mana viper skeleton (Crypt:1)
  A sphinx simulacrum (Depths:1)
  6 hornets
  A fire dragon zombie (Depths:2)
  A wind drake (Pan)
  17 blink frogs
  An ettin zombie (Crypt:3)
  39 large abominations
  A great orb of eyes zombie (Vaults:1)
  An iron dragon simulacrum (Depths:1)
  2 raiju
  An ice dragon zombie (Tomb:1)
  13 dream sheep
  2 frost giant simulacra
  A satyr zombie (Crypt:2)
  2 boulder beetle zombies
  A fire dragon skeleton (Crypt:1)
  A stone giant simulacrum (Crypt:1)
  9 flying skulls (Tomb:2)
  Sigmund (D:3)
  2 centaur simulacra
  6 spriggans
  16 ynoxinuls
  18 yaks
  19 shadows
  4 air elementals (Elf:2)
  3 wyverns
  94 slime creatures
  A black mamba skeleton (Crypt:3)
  An ettin skeleton (Vaults:4)
  10 water elementals
  2 slime creature zombies
  A vampire (D:10)
  9 wraiths
  4 ushabtiu
  8 basilisks
  Grum (D:9)
  16 neqoxecs
  18 vampire mosquitoes
  11 golden eyes (Pan)
  2 human simulacra
  3 elf zombies
  3 redbacks (Vaults:1)
  A tyrant leech zombie (Swamp:2)
  6 death yak simulacra (IceCv)
  A two-headed ogre zombie (Crypt:1)
  14 chaos spawn
  A steam dragon (D:10)
  2 wargs
  4 spatial vortices (Abyss:3)
  A glowing shapeshifter zombie (Vaults:4)
  9 human zombies
  9 swamp worms
  4 harpy simulacra
  39 nagas
  A naga (shapeshifter) (Lair:5)
  11 water moccasins
  3 hydra simulacra (IceCv)
  4 acid dragons
  2 floating eyes
  A fire bat skeleton (Crypt:3)
  12 small abominations
  3 ice beasts
  4 black bears
  A hornet zombie (Crypt:3)
  3 swamp drakes
  A two-headed ogre skeleton (Crypt:1)
  13 ogres
  17 orc warriors
  A black mamba simulacrum (Crypt:3)
  10 wolves
  9 centaurs
  3 kobold brigands
  A komodo dragon zombie (Lair:5)
  8 bullfrogs
  8 earth elementals
  3 necrophages (Crypt:2)
  A yaktaur zombie (Vaults:5)
  3 cane toad simulacra (IceCv)
  A spectral warg (Orc:2)
  A naga simulacrum (Hell)
  A two-headed ogre simulacrum (IceCv)
  2 gnoll sergeants
  A scorpion (D:3)
  14 wights
  6 elephant simulacra (IceCv)
  A troll skeleton (Crypt:3)
  4 howler monkeys
  2 electric eels (Lair:3)
  A polar bear skeleton (Crypt:3)
  6 hounds
  2 jellies
  4 gnoll boudas
  12 orc priests
  Crazy Yiuf (D:3)
  A sleepcap (D:7)
  Terence (D:2)
  Ijyb (D:3)
  5 iguanas
  28 orc wizards
  4 spectral orcs (Orc:2)
  8 hell rats (Hell)
  2 polar bear simulacra (IceCv)
  2 troll simulacra (IceCv)
  3 wolf simulacra (IceCv)
  An acid dragon zombie (Crypt:2)
  A hound skeleton (Crypt:3)
  18 mummies
  Robin (D:3)
  10 river rats
  20 adders
  22 gnolls
  4 white imps
  An orc simulacrum (Orc:2)
  3 ufetubi
  An iguana zombie (Crypt:2)
  8 worms
  2 dart slugs
  70 orcs
  15 ball pythons
  14 bats
  4 endoplasms
  3 giant cockroaches
  22 goblins
  5 hobgoblins
  17 jackals
  10 quokkas
  7 frilled lizards
  A gnoll zombie (Orc:1)
  22 kobolds
  2 orc skeletons
  6 orc zombies
  5 rats
  7 starspawn tentacles
2826 creatures vanquished.

Vanquished Creatures (collateral kills)
  A dread lich (Vaults:5)
  Mara (Depths:3)
  A juggernaut (Depths:2)
  16 royal mummies
  the Lernaean hydra (Swamp:4)
  2 golden dragons
  A doom hound (Hell)
  3 Brimstone Fiends
  Jorgrun (Snake:1)
  A deep elf blademaster (Elf:3)
  A tentacled monstrosity (Depths:2)
  2 liches
  2 titans (Pan)
  The ghost of spardeous the Eclecticist, an adept DgCj (Depths:1)
  2 death cobs (Zot:3)
  8 acid blobs
  7 sphinxes
  6 ancient champions
  2 Executioners (Pan)
  3 storm dragons
  2 shadow dragons (Vaults:5)
  2 azure jellies
  4 fire giants
  2 tengu reavers
  A nagaraja (Snake:4)
  A draconian knight (Zot:1)
  3 daevas (Pan)
  2 draconian monks (Zot:1)
  3 revenants (Tomb:1)
  2 vault wardens
  7 rockslimes
  A frost giant (Depths:1)
  A demonspawn warmonger (Pan)
  2 draconian shifters (Zot:1)
  5 balrugs
  3 draconian scorchers
  4 angels (Pan)
  A demonspawn blood saint (Pan)
  5 cacodemons (Pan)
  3 draconian stormcallers (Zot:1)
  13 very ugly things
  A demonspawn corrupter (Pan)
  6 reapers
  5 stone giants
  2 quicksilver oozes
  3 ironbound preservers
  2 green draconians (Zot:1)
  An apis (Pan)
  A draconian annihilator (Zot:4)
  3 ophanim (Pan)
  A lorocyproca (Pan)
  An ironbound thunderhulk (Vaults:1)
  A deep elf demonologist (Elf:3)
  2 red draconians
  A demonspawn black sun (Pan)
  5 black draconians
  6 purple draconians (Zot:1)
  2 deep elf annihilators (Pan)
  4 eleionomae
  A bunyip (Swamp:3)
  6 bennus
  2 white draconians (Zot:1)
  A yellow draconian (Zot:1)
  3 dire elephants
  2 green deaths (Pan)
  A deep elf death mage (Elf:3)
  2 ettins
  10 mummy priests
  5 fire dragons (Depths:2)
  2 yaktaur captains
  2 merfolk impalers (Depths:2)
  The ghost of Taurus the Severer, a journeyman MiFi of the Shining One (Orc:2)
  A deep elf high priest (Elf:3)
  A salamander tyrant (Snake:4)
  An ice dragon (Zot:4)
  5 hydras
  4 great orbs of eyes
  A hell beast (Pan)
  3 vault guards
  A rakshasa (Pan)
  A caustic shrike simulacrum (Depths:2)
  A spriggan skeleton (Tomb:2)
  4 spriggan air magi
  An ogre mage (Orc:2)
  A juggernaut simulacrum (Depths:2)
  A centaur warrior (Vaults:2)
  3 anacondas
  A catoblepas (D:13)
  2 ironbound frosthearts (Vaults:2)
  6 naga warriors
  12 death scarabs
  2 tengu warriors (Depths:1)
  2 hell hogs (Hell)
  2 deep troll shamans (Depths:2)
  2 deep troll earth magi
  A naga sharpshooter (Snake:4)
  3 hell knights
  7 soul eaters
  3 deep elf knights (Elf:2)
  2 shock serpents
  15 sun demons
  A salamander mystic (Snake:4)
  8 iron trolls
  5 goliath frogs
  4 shadow wraiths
  5 skeletal warriors
  A sixfirhy (Pan)
  19 deep trolls
  A flayed ghost (Vaults:5)
  4 naga ritualists
  A spriggan druid (Swamp:3)
  A deep elf archer (Snake:4)
  8 cherubim (Pan)
  2 shadow demons (Pan)
  A necromancer (Hell)
  5 deep elf pyromancers
  A wizard (Vaults:3)
  An orc knight (Vaults:5)
  8 swamp dragons (Swamp:4)
  A lindwurm (Vaults:4)
  5 deep elf zephyrmancers
  3 harpies
  11 ugly things
  2 shining eyes (Slime:4)
  4 moths of wrath
  3 mana vipers
  3 will-o-the-wisps
  An orc sorcerer (Orc:2)
  10 large abominations
  A cyclops (D:14)
  8 salamanders
  6 rust devils (Hell)
  A vault sentinel (Vaults:4)
  6 naga magi
  12 black mambas
  A guardian serpent (Snake:4)
  3 centaur zombies
  An eye of devastation (Slime:1)
  3 demonic crawlers (Pan)
  A dire elephant zombie (Tomb:2)
  6 orange demons (Pan)
  2 molten gargoyles (Hell)
  4 smoke demons
  3 yaktaurs
  28 guardian mummies
  A hellion (Dis:2)
  A tormentor (Hell)
  A wind drake (shapeshifter) (Vaults:5)
  A red devil (Pan)
  8 wind drakes (Pan)
  2 hellwings (Pan)
  3 blink frogs (Lair:5)
  5 tyrant leeches
  A harpy skeleton (Pan)
  21 slime creatures
  A dire elephant simulacrum (Hell)
  2 air elementals
  A spriggan (Swamp:1)
  5 water elementals
  3 hogs (Swamp:4)
  2 ynoxinuls
  9 ushabtiu (Tomb:1)
  A yak (D:12)
  A human (shapeshifter) (D:14)
  A yaktaur simulacrum (Vaults:3)
  2 chaos spawn (Pan)
  5 neqoxecs
  2 vampire mosquitoes (D:14)
  6 nagas (Snake:4)
  5 swamp worms
  A harpy simulacrum (Hell)
  A naga zombie (Tomb:2)
  2 small abominations
  An orc warrior (Orc:2)
  5 swamp drakes
  An ogre (Orc:2)
  A human skeleton (Vaults:3)
  4 orc wizards (Orc:2)
  3 hell rats (Hell)
  30 mummies
  An orc zombie (D:15)
  5 orcs
  A hobgoblin (D:12)
  A starspawn tentacle (Swamp:2)
655 creatures vanquished.

Vanquished Creatures (others)
  A lich (Pan)
  A titan (Pan)
  An eldritch tentacle (Pan)
  A storm dragon (Pan)
  An Executioner (Pan)
  A deep elf elementalist (Elf:3)
  A juggernaut zombie (Depths:2)
  A deep elf annihilator (Pan)
  An ettin (Vaults:5)
  6 very ugly thing zombies
  A rakshasa (Pan)
  A titan zombie (Vaults:5)
  A deep elf knight (Snake:4)
  A storm dragon zombie (Zot:3)
  2 golden dragon zombies
  2 anaconda zombies
  A bunyip zombie (Swamp:2)
  A wizard (Pan)
  An ogre zombie (Vaults:5)
  2 sphinx zombies
  4 tengu zombies
  A harpy (D:14)
  2 iron dragon zombies
  A shadow dragon zombie (Zot:1)
  15 ugly thing zombies
  5 goliath frog zombies (Swamp:2)
  A stone giant zombie (Depths:2)
  2 frost giant zombies (Depths:2)
  7 draconian zombies
  An eleionoma zombie (Swamp:2)
  A fire giant zombie (Vaults:5)
  4 centaur zombies
  3 shock serpent zombies
  3 demonspawn zombies (Pan)
  2 dire elephant zombies (Snake:4)
  A smoke demon (Pan)
  3 red draconian zombies (Zot:1)
  4 black draconian zombies (Zot:1)
  2 yellow draconian zombies (Zot:1)
  An orange demon (Pan)
  3 swamp worm zombies
  A white draconian zombie (Zot:3)
  38 human zombies
  5 purple draconian zombies
  A hellion (Pan)
  6 green draconian zombies
  2 merfolk zombies (Depths:2)
  4 mana viper zombies (Snake:4)
  2 hydra zombies (Swamp:4)
  A tormentor (Pan)
  3 guardian serpent zombies (Snake:4)
  4 wind drakes (Pan)
  2 great orb of eyes zombies
  3 ice dragon zombies
  4 moth of wrath zombies
  3 ettin zombies (Vaults:5)
  9 black mamba zombies
  4 fire dragon zombies
  3 slime creature zombies
  2 spriggan zombies
  A tyrant leech zombie (Swamp:2)
  2 humans (Swamp:4)
  19 elf zombies
  A large abomination (Pan)
  A two-headed ogre zombie (D:12)
  9 deep troll zombies
  An entropy weaver zombie (D:15)
  6 swamp dragon zombies (Swamp:4)
  An elephant zombie (Lair:5)
  A hog zombie (Swamp:4)
  5 vampire mosquito zombies
  8 yaktaur zombies
  3 salamander zombies
  2 cyclops zombies (D:14)
  A troll zombie (Orc:2)
  A raiju zombie (Snake:4)
  2 acid dragon zombies (D:14)
  11 naga zombies
  2 swamp drake zombies
  4 gnoll zombies (Orc:1)
  11 orc zombies
  20 ball lightnings (Pan)
  91 fire vortices
  13 foxfires
  161 fulminant prisms
  A lurking horror (Swamp:2)
  14 starspawn tentacles
583 creatures vanquished.

Grand Total: 4064 creatures vanquished

Notes
Turn   | Place    | Note
-------+----------+-------------------------------------------
     0 | D:1      | wingedge the Demigod Earth Elementalist began the quest for
                  | the Orb.
     0 | D:1      | Reached XP level 1. HP: 14/14 MP: 5/5
   261 | D:1      | Reached XP level 2. HP: 20/20 MP: 1/7
   338 | D:1      | Reached skill level 1 in Conjurations
   549 | D:1      | Learned a level 2 spell: Passwall
  1088 | D:2      | Reached XP level 3. HP: 26/26 MP: 5/8
  1114 | D:2      | Learned a level 3 spell: Stone Arrow
  1123 | D:2      | Noticed Terence
  2313 | D:2      | Killed Terence
  2314 | D:2      | Reached XP level 4. HP: 13/33 MP: 6/9
  2576 | D:3      | Noticed Sigmund
  2583 | D:3      | You fall into a shaft and drop 1 floor!
  2704 | D:4      | Reached XP level 5. HP: 38/38 MP: 6/10
  2958 | D:4      | Found a glowing drain.
  2976 | Sewer    | Entered a sewer
  3485 | Sewer    | Reached skill level 1 in Fighting
  3578 | Sewer    | Reached XP level 6. HP: 47/47 MP: 10/12
  3956 | D:4      | Found Buoridei's Distillery.
  4001 | D:4      | Bought a potion of attraction for 30 gold pieces
  4001 | D:4      | Bought a potion of lignification for 30 gold pieces
  4001 | D:4      | Bought a potion of haste for 100 gold pieces
  4157 | D:3      | Found a runed translucent door.
  4158 | D:3      | Noticed Crazy Yiuf
  4163 | D:3      | Killed Crazy Yiuf
  4456 | D:3      | Noticed Robin
  4474 | D:3      | Killed Robin
  4576 | D:3      | Killed Sigmund
  4577 | D:3      | Reached XP level 7. HP: 57/57 MP: 5/15
  5366 | D:3      | Noticed Ijyb
  5379 | D:3      | Killed Ijyb
  6394 | D:5      | Entered Level 5 of the Dungeon
  7150 | D:5      | Learned a level 1 spell: Apportation
  7849 | D:6      | Reached XP level 8. HP: 66/66 MP: 14/18
  8118 | D:6      | Noticed Maggie
  8122 | D:6      | Killed Maggie
  8123 | D:6      | Reached skill level 5 in Fighting
  8123 | D:6      | Reached skill level 5 in Conjurations
  8123 | D:6      | Reached skill level 5 in Earth Magic
  8579 | D:6      | Reached skill level 5 in Spellcasting
  8587 | D:5      | Reached skill level 1 in Translocations
  8941 | D:6      | Learned a level 4 spell: Fulminant Prism
  9087 | D:6      | Reached skill level 1 in Hexes
  9806 | D:7      | Reached XP level 9. HP: 74/74 MP: 2/20
 10077 | D:7      | Reached skill level 5 in Hexes
 10578 | D:7      | Found a staircase to the Ecumenical Temple.
 10660 | D:7      | Reached skill level 1 in Long Blades
 10947 | D:8      | Identified the +0 leather armour of Card Tricks {Harm
                  | Stlth+}
 11115 | D:8      | Learned a level 4 spell: Iskenderun's Mystic Blast
 11352 | D:8      | Noticed Joseph
 11365 | D:8      | Killed Joseph
 11519 | D:8      | Noticed Amaemon
 11520 | D:8      | Noticed an orange demon
 11528 | D:8      | Killed an orange demon
 11538 | D:8      | Killed Amaemon
 11539 | D:8      | Reached XP level 10. HP: 43/83 MP: 3/22
 11797 | D:9      | Noticed a two-headed ogre
 11801 | D:9      | Killed a two-headed ogre
 11991 | D:9      | Noticed a two-headed ogre
 12002 | D:9      | Killed a two-headed ogre
 12098 | D:9      | Learned a level 5 spell: Lee's Rapid Deconstruction
 12118 | D:9      | Identified the +3 flail "Cuduuss" {flame, Will+ Str+9}
 12354 | D:9      | Noticed Grum
 12360 | D:9      | Killed Grum
 12801 | D:10     | Entered Level 10 of the Dungeon
 12891 | D:10     | Reached skill level 1 in Armour
 13051 | D:10     | Noticed a two-headed ogre
 13057 | D:10     | Killed a two-headed ogre
 13140 | D:10     | Noticed a two-headed ogre
 13210 | D:10     | Noticed a cyclops
 13214 | D:10     | Killed a cyclops
 13477 | D:10     | Noticed Lodul
 13507 | D:10     | Reached XP level 11. HP: 91/91 MP: 1/25
 13717 | D:10     | Killed a two-headed ogre
 15042 | D:11     | Noticed a two-headed ogre
 15043 | D:11     | Noticed a boulder beetle
 15045 | D:11     | Killed a two-headed ogre
 15104 | D:10     | Killed Lodul
 15105 | D:10     | Reached skill level 5 in Translocations
 15193 | D:10     | Killed a boulder beetle
 15705 | D:11     | Found a staircase to the Lair.
 15992 | D:11     | Noticed a two-headed ogre
 15993 | D:11     | Noticed a boulder beetle
 16000 | D:11     | Killed a two-headed ogre
 16011 | D:11     | Killed a boulder beetle
 16674 | Lair:1   | Entered Level 1 of the Lair of Beasts
 16777 | Lair:1   | Noticed a death yak
 16777 | Lair:1   | Noticed a death yak
 16777 | Lair:1   | Noticed a death yak
 16786 | Lair:1   | Noticed a death yak
 16788 | Lair:1   | Noticed a death yak
 16792 | Lair:1   | Killed a death yak
 16793 | Lair:1   | Reached XP level 12. HP: 85/100 MP: 6/28
 17548 | Lair:1   | Reached skill level 5 in Long Blades
 17878 | Lair:1   | Noticed Sonja
 17883 | Lair:1   | Killed Sonja
 17986 | Lair:1   | Noticed Gastronok
 18000 | Lair:1   | Killed Gastronok
 18846 | Lair:2   | Found a staircase to the Snake Pit.
 18879 | Lair:2   | Reached skill level 5 in Armour
 19484 | Lair:3   | Noticed a four-headed hydra
 19492 | Lair:3   | Killed a four-headed hydra
 19621 | Lair:3   | Reached skill level 1 in Shields
 19711 | Lair:3   | Reached XP level 13. HP: 107/107 MP: 23/30
 19927 | Lair:3   | Found a staircase to the Swamp.
 20784 | Lair:4   | Found a staircase to the Slime Pits.
 21428 | Lair:5   | Entered Level 5 of the Lair of Beasts
 21628 | Lair:5   | Found a frozen archway.
 21678 | IceCv    | Entered an ice cave
 22118 | IceCv    | Learned a level 5 spell: Borgnjor's Vile Clutch
 22324 | IceCv    | Reached skill level 1 in Necromancy
 22608 | Lair:5   | Learned a level 4 spell: Animate Dead
 22744 | Lair:5   | Reached XP level 14. HP: 118/118 MP: 27/32
 23798 | Lair:5   | Found a one-way gate to the infinite horrors of the Abyss.
 24034 | D:12     | Reached skill level 5 in Shields
 24175 | D:12     | Found a staircase to the Orcish Mines.
 24951 | Orc:1    | Entered Level 1 of the Orcish Mines
 24987 | Orc:1    | Found Kyguapof's Antique Armour Shoppe.
 24992 | Orc:1    | Bought a faintly humming ring mail for 252 gold pieces
 24992 | Orc:1    | Identified the +4 ring mail of Aniet {Dex+3} (You bought it
                  | in a shop on level 1 of the Orcish Mines)
 25002 | Orc:1    | Noticed Harold
 25007 | Orc:1    | Killed Harold
 25015 | Orc:1    | Noticed Erolcha
 25039 | Orc:1    | Killed Erolcha
 25580 | Orc:2    | Entered Level 2 of the Orcish Mines
 25582 | Orc:2    | Found a staircase to the Elven Halls.
 25662 | Orc:2    | Found a runed translucent gate.
 25662 | Orc:2    | Found a runed translucent gate.
 25665 | Orc:2    | Found a runed translucent gate.
 25696 | Orc:2    | Noticed Taurus's ghost (journeyman MiFi)
 25810 | Orc:2    | Killed Taurus's ghost
 26224 | Orc:2    | Found Niebeit's Distillery.
 26269 | Orc:2    | Reached skill level 5 in Necromancy
 26296 | Orc:2    | Found Mualod's Antique Armour Shop.
 26303 | Orc:2    | Noticed Nergalle
 26309 | Orc:2    | Killed Nergalle
 26363 | Orc:2    | Bought a glowing helmet for 217 gold pieces
 26385 | Orc:2    | Reached skill level 10 in Earth Magic
 26772 | Orc:2    | Found Gixac's Jewellery Boutique.
 26812 | Orc:2    | Found Binwojimi's Distillery.
 26852 | Orc:2    | Bought a potion of ambrosia for 96 gold pieces
 26852 | Orc:2    | Bought a potion of ambrosia for 96 gold pieces
 27028 | D:13     | Reached skill level 10 in Spellcasting
 28481 | D:14     | Identified the +4 whip of Desperation {elec, Str+3}
 28646 | D:14     | Reached skill level 10 in Fighting
 28771 | D:14     | Found a gate to the Vaults.
 28780 | D:14     | Reached XP level 15. HP: 116/126 MP: 13/34
 29443 | D:15     | Entered Level 15 of the Dungeon
 30728 | D:15     | Found a staircase to the Depths.
 31089 | Snake:1  | Entered Level 1 of the Snake Pit
 31348 | Snake:1  | Found a runed translucent door.
 31349 | Snake:1  | Noticed pkoi's ghost (adept MiGl)
 31597 | Snake:1  | Noticed Jorgrun
 31601 | Snake:1  | Killed Jorgrun
 32339 | Snake:1  | Killed pkoi's ghost
 32605 | Snake:1  | Learned a level 6 spell: Death Channel
 32657 | Snake:2  | Found Reewov's Assorted Antiques.
 32878 | Snake:2  | Reached skill level 5 in Dodging
 32955 | Snake:2  | Learned a level 3 spell: Ozocubu's Armour
 33196 | Snake:2  | Reached skill level 1 in Ice Magic
 33750 | Snake:3  | Reached XP level 16. HP: 137/137 MP: 30/36
 33975 | Snake:3  | Found Desuff's Book Shop.
 33978 | Snake:3  | Found Joekad's Jewellery Shoppe.
 33979 | Snake:3  | Found Viupix's Book Shop.
 33988 | Snake:3  | Bought a book of Blood for 448 gold pieces
 33988 | Snake:3  | Bought a manual of Shields for 1280 gold pieces
 33995 | Snake:3  | Learned a level 2 spell: Sublimation of Blood
 34406 | Snake:3  | Reached skill level 5 in Ice Magic
 34680 | Snake:3  | Identified the +6 chain mail "Naum" {-Tele rN+++ rCorr
                  | Str-3}
 34814 | Snake:4  | Entered Level 4 of the Snake Pit
 35058 | Snake:4  | Reached skill level 10 in Necromancy
 35562 | Snake:4  | Reached skill level 10 in Shields
 36312 | Snake:3  | Bought the amulet "Bijuwac" {RegenMP *Corrode rC- Regen+
                  | Int+5} for 523 gold pieces
 36415 | Snake:4  | Reached skill level 1 in Fire Magic
 36465 | Snake:4  | Reached skill level 2 in Fire Magic
 36509 | Snake:4  | Reached XP level 17. HP: 144/144 MP: 24/37
 36771 | Snake:4  | Reached skill level 3 in Fire Magic
 36868 | Snake:4  | Got a serpentine rune of Zot
 37375 | Swamp:1  | Entered Level 1 of the Swamp
 37472 | Swamp:1  | Identified the +1 ring mail of the Freezing God {rElec}
 37999 | Swamp:2  | Reached skill level 4 in Fire Magic
 38042 | Swamp:2  | Identified the +0 robe of Uzxuulae {Int+3}
 38164 | Swamp:2  | Found a transporter.
 38175 | Swamp:2  | Noticed gummiwulf's ghost (journeyman MiFi)
 38270 | Swamp:2  | Found a transporter.
 38271 | Swamp:2  | Noticed a Hell Sentinel
 38487 | Swamp:2  | Killed a Hell Sentinel
 38546 | Swamp:2  | Killed gummiwulf's ghost
 38732 | Swamp:3  | Reached skill level 5 in Fire Magic
 39266 | Swamp:4  | Entered Level 4 of the Swamp
 39272 | Swamp:4  | Noticed Kirke
 39292 | Swamp:4  | Killed Kirke
 39530 | Swamp:4  | Reached skill level 6 in Fire Magic
 39530 | Swamp:4  | Noticed the 27-headed Lernaean hydra
 39539 | Swamp:4  | Killed the 27-headed Lernaean hydra
 39624 | Swamp:4  | Got a decaying rune of Zot
 40397 | Elf:1    | Entered Level 1 of the Elven Halls
 40502 | Elf:1    | Paralysed by an air elemental for 1 turns
 40588 | Elf:1    | Reached XP level 18. HP: 155/155 MP: 28/38
 40593 | Elf:1    | Reached skill level 7 in Fire Magic
 40704 | Elf:1    | Found Ocegumn's Antique Armour Shop.
 40757 | Elf:1    | Noticed Asterion
 40763 | Elf:1    | Killed Asterion
 41243 | Elf:1    | Got the Almanac of the Volley
 41376 | Elf:2    | Identified the amulet "Amiluom" {RegenMP Will+}
 41389 | Elf:2    | Paralysed by an air elemental for 1 turns
 41392 | Elf:2    | Paralysed by an air elemental for 1 turns
 41768 | Elf:2    | Reached skill level 8 in Fire Magic
 41780 | Elf:2    | Found a huge runed translucent gate.
 41780 | Elf:2    | Found a huge runed translucent gate.
 41780 | Elf:2    | Found a huge runed translucent gate.
 41897 | Elf:2    | Found Ytrou's Antique Weapon Boutique.
 41897 | Elf:2    | Found Gogg's Distillery.
 41898 | Elf:2    | Paralysed by an air elemental for 1 turns
 41966 | Elf:2    | Found Kanac's Antique Armour Boutique.
 42080 | Elf:2    | Found a huge runed translucent gate.
 42080 | Elf:2    | Found a huge runed translucent gate.
 42661 | Elf:3    | Entered Level 3 of the Elven Halls
 42661 | Elf:3    | Noticed Nikola
 42669 | Elf:3    | Killed Nikola
 42737 | Elf:3    | Noticed Saint Roka
 42750 | Elf:3    | Killed Saint Roka
 43156 | Elf:3    | Reached skill level 9 in Fire Magic
 43361 | Elf:3    | Reached XP level 19. HP: 127/159 MP: 25/39
 43573 | Elf:3    | Identified the +5 sling of Beogh {antimagic, Dex+5}
 43584 | Elf:3    | Identified the ring "Xioter" {rC+ rN++ Str-3}
 43596 | Elf:3    | Found the +0 toga "Victory" {*Victory Clar}
 43608 | Elf:3    | Got the Cyclopedia of Lamentation and the Commander
 43627 | Elf:3    | Identified the amulet "Zedif" {Spirit +Inv rN+ Int+4 Dex+4}
 43635 | Elf:3    | Got Sif Muna's Elucidation of the Coruscating Fairies
 43975 | Vaults:1 | Entered Level 1 of the Vaults
 44063 | Vaults:1 | Reached skill level 10 in Fire Magic
 45819 | Vaults:2 | Reached skill level 11 in Fire Magic
 47190 | Vaults:3 | Found Cuzxieh's Magic Scroll Emporium.
 47464 | Vaults:3 | Found a staircase to the Crypt.
 47595 | Vaults:3 | Reached skill level 12 in Fire Magic
 47738 | Vaults:3 | Reached XP level 20. HP: 152/176 MP: 23/41
 47739 | Vaults:3 | Reached skill level 10 in Armour
 48059 | Vaults:3 | Reached skill level 10 in Dodging
 48251 | Vaults:3 | Identified the +0 ring mail "Tarhabacw" {Drain rC- Str+8
                  | Int+4}
 48533 | Vaults:4 | Found Henuppuo's Magic Scroll Shop.
 48540 | Vaults:4 | Bought a scroll of blinking for 157 gold pieces
 48554 | Vaults:4 | Reached skill level 15 in Fighting
 48573 | Vaults:4 | Reached skill level 13 in Fire Magic
 48656 | Vaults:4 | Identified the +10 shortbow of the Moon {drain, rN+++ Str+6
                  | Int-5 Dex+3}
 48865 | Vaults:4 | Found a runed translucent gate.
 48865 | Vaults:4 | Found a runed translucent gate.
 48865 | Vaults:4 | Found a runed translucent gate.
 49091 | Vaults:4 | Reached skill level 14 in Fire Magic
 49321 | Vaults:4 | Identified a scroll of acquirement
 49325 | Vaults:4 | Acquired 759 gold pieces
 49651 | Vaults:4 | Noticed Nornya's ghost (veteran MfSu)
 49926 | Vaults:4 | Killed Nornya's ghost
 49927 | Vaults:4 | Reached skill level 15 in Fire Magic
 50000 | Vaults:4 | Identified the +1 scimitar "Osya" {heavy, rPois rF+++ Str+2
                  | Int-2}
 50059 | Vaults:3 | Bought 3 scrolls of enchant armour for 472 gold pieces
 50374 | Snake:3  | Bought the Unrestrained Analects for 736 gold pieces
 50385 | Snake:3  | Learned a level 8 spell: Ignition
 50512 | Slime:1  | Entered Level 1 of the Pits of Slime
 52386 | Slime:4  | Gained mutation: You are vulnerable to heat. (rF-) [a
                  | shining eye]
 52396 | Slime:4  | Reached skill level 16 in Fire Magic
 52698 | Slime:3  | Reached XP level 21. HP: 175/184 MP: 3/43
 53078 | Slime:5  | Entered Level 5 of the Pits of Slime
 53095 | Slime:5  | Noticed the Royal Jelly
 53103 | Slime:5  | Killed the Royal Jelly
 53332 | Slime:5  | Found the +3 salamander hide armour {Flames, rFlCloud rF++
                  | rC--}
 53339 | Slime:5  | Got a slimy rune of Zot
 53357 | Slime:5  | Identified the +0 leather armour of the Glamorous Snail
                  | {+Inv Str+3}
 53367 | Slime:5  | Identified the +3 broad axe "Jill" {elec, Will- Int+3
                  | Stlth+}
 53390 | Slime:5  | Identified the staff of cold "Ocwegiez" {Drain rC+ rCorr
                  | Int+3}
 53408 | Slime:5  | Identified the staff of air "Jyoprefi" {Fly rElec rPois
                  | rC+}
 53412 | Slime:5  | Identified the staff of fire "Folerel" {rF+ rC+}
 53416 | Slime:5  | Identified the +10 storm dragon scales "Hennasi" {rElec
                  | rF+}
 53430 | Slime:5  | Identified the +1 ice dragon scales "Uzurghami" {rF- rC++
                  | Will+ rCorr Str+2 Slay-2}
 53442 | Slime:5  | Identified the +7 war axe "wingedge's Death" {drain,
                  | *Corrode rC++ Str+4}
 53447 | Slime:5  | Identified the ring of Yendor {rC+ rCorr Dex+4}
 54123 | D:14     | Lost mutation: You are vulnerable to heat. (rF-) [potion of
                  | mutation]
 54123 | D:14     | Gained mutation: Your movements are slightly less
                  | encumbered by armour. (ER -2) [potion of mutation]
 54123 | D:14     | Gained mutation: You have a pair of small antennae on your
                  | head. [potion of mutation]
 54124 | D:14     | Lost mutation: Your movements are slightly less encumbered
                  | by armour. (ER -2) [potion of mutation]
 54124 | D:14     | Lost mutation: You have a pair of small antennae on your
                  | head. [potion of mutation]
 54124 | D:14     | Gained mutation: Your flesh is cold resistant. (rC+)
                  | [potion of mutation]
 54124 | D:14     | Gained mutation: You are weak. (Str -2) [potion of
                  | mutation]
 54124 | D:14     | Gained mutation: A frigid envelope surrounds you and
                  | freezes all who hurt you. [potion of mutation]
 54363 | Vaults:5 | Entered Level 5 of the Vaults
 54365 | Vaults:5 | Reached skill level 17 in Fire Magic
 54378 | Vaults:5 | Noticed a dread lich
 54381 | Vaults:5 | Killed a dread lich
 54435 | Vaults:5 | Noticed a golden dragon
 54444 | Vaults:5 | Killed a golden dragon
 54610 | Vaults:5 | Noticed a dread lich
 54621 | Vaults:5 | Killed a dread lich
 54782 | Vaults:5 | Identified the amulet of Sostyuh {RegenMP rPois Stlth+}
 54785 | Vaults:5 | Identified the +2 rapier of Loxzod {antimagic, rF+ rCorr
                  | Int-3 Stlth+}
 55174 | Vaults:5 | Identified the +1 quarterstaff of Termination {elec, rF-
                  | rN++}
 55224 | Vaults:5 | Found Peosie's General Store.
 55336 | Vaults:5 | Identified the +5 ring mail of Minor Irritation {Drain rF++
                  | Will+++ Int-5}
 55515 | Vaults:5 | Found Weczor's Assorted Antiques.
 55587 | Vaults:5 | Got the Exposition on Oxidation and Configuration
 55658 | Vaults:5 | Identified the +5 hand crossbow "Vumuma Myzo" {elec, rElec
                  | Dex+2 Stlth+}
 55658 | Vaults:5 | Identified the +2 war axe of Precise Incision {spect, rF-
                  | rN+ rCorr Str+7}
 55664 | Vaults:5 | Reached XP level 22. HP: 176/192 MP: 17/45
 55820 | Vaults:5 | Got a silver rune of Zot
 56369 | D:15     | Learned a level 4 spell: Passage of Golubria
 56371 | Depths:1 | Entered Level 1 of the Depths
 56629 | Depths:1 | Found a transporter.
 56630 | Depths:1 | Noticed an ancient lich
 56634 | Depths:1 | Noticed spardeous's ghost (adept DgCj)
 56636 | Depths:1 | Found a transporter.
 56712 | Depths:1 | Reached skill level 10 in Conjurations
 56808 | Depths:1 | Acquired the ring "Ilavorul" {rElec Will+++ AC+4 Int+3
                  | Slay-5}
 56815 | Depths:1 | Acquired the +0 pair of boots of the Boiling Point {rF+
                  | rCorr Dex-2 SInv}
 56926 | Depths:1 | Found a gateway to Hell.
 57488 | Depths:1 | Reached skill level 18 in Fire Magic
 57541 | Depths:1 | Identified the +4 arbalest of Eternal Vigilance {freeze,
                  | Int+2}
 57736 | Depths:1 | Killed an ancient lich
 57753 | Depths:1 | Killed spardeous's ghost
 57945 | Depths:2 | Noticed the Enchantress
 57947 | Depths:2 | Killed the Enchantress
 57960 | Depths:2 | Reached skill level 15 in Shields
 58317 | Depths:2 | Found a one-way gate leading to the halls of Pandemonium.
 58334 | Depths:2 | Identified the ring "Riaferej" {Ice rN+ Int+2}
 58334 | Depths:2 | Noticed Josephina
 58338 | Depths:2 | Killed Josephina
 58602 | Depths:2 | Noticed a juggernaut
 58609 | Depths:2 | Killed a juggernaut
 58925 | Depths:2 | Acquired the Directory of Shadowy Jinxing
 59096 | Depths:2 | Identified the ring of Izutuodi {Str+6 Stlth+}
 59138 | Depths:2 | Reached skill level 15 in Spellcasting
 59250 | Depths:2 | Reached XP level 23. HP: 128/199 MP: 18/48
 59768 | Depths:2 | Identified the ring "Xauly" {Wiz Slay+2}
 60012 | Depths:3 | Noticed Mara
 60019 | Depths:3 | Noticed wingedge's illusion
 60034 | Depths:3 | Killed Mara
 60055 | Depths:3 | Noticed Louise
 60064 | Depths:3 | Killed Louise
 60902 | Depths:4 | Entered Level 4 of the Depths
 60935 | Depths:4 | Noticed Jory
 60943 | Depths:4 | Killed Jory
 61193 | Depths:4 | Found a gate to the Realm of Zot.
 61871 | Depths:4 | Learned a level 8 spell: Lehudib's Crystal Spear
 61928 | Depths:4 | Found a one-way gateway to a ziggurat.
 62580 | Zot:1    | Entered Level 1 of the Realm of Zot
 62615 | Zot:1    | Noticed an ancient lich
 62625 | Zot:1    | Killed an ancient lich
 62786 | Zot:1    | Reached skill level 15 in Earth Magic
 62960 | Zot:1    | Noticed an orb of fire
 62998 | Zot:1    | Gained mutation: You occasionally lose the ability to drink
                  | potions when taking damage. [an orb of fire]
 63000 | Zot:1    | HP: 10/201 [tentacled monstrosity (10)]
 63005 | Zot:1    | Lost mutation: You are weak. (Str -2) [potion of mutation]
 63005 | Zot:1    | Lost mutation: You occasionally lose the ability to drink
                  | potions when taking damage. [potion of mutation]
 63005 | Zot:1    | Gained mutation: You occasionally shout uncontrollably at
                  | your foes. [potion of mutation]
 63005 | Zot:1    | Gained mutation: Your spells are a little harder to cast,
                  | but a little more powerful. [potion of mutation]
 63223 | Zot:1    | Killed an orb of fire
 63314 | Zot:1    | Reached XP level 24. HP: 193/210 MP: 35/49
 64027 | Zot:1    | Identified the +1 robe "Uroic" {Regen+ rCorr Dex+3}
 64569 | Zot:1    | Identified the +0 pair of boots of Zyosorph {rF+ Regen+
                  | rCorr}
 64802 | Zot:1    | Learned a level 6 spell: Statue Form
 64952 | Zot:2    | Reached skill level 15 in Conjurations
 64952 | Zot:2    | Reached skill level 1 in Transmutations
 65008 | Zot:2    | Noticed Parghit
 65014 | Zot:2    | Killed Parghit
 65373 | Zot:2    | Acquired the +1 buckler of Broken Taboos {Drain rC+++
                  | Regen+ Dex-3}
 66954 | Zot:3    | Found the +2 hood of the Assassin {Detect Stab+ Stlth++}
 66984 | Zot:3    | Reached skill level 5 in Stealth
 67220 | Zot:3    | Noticed a Killer Klown
 67228 | Zot:3    | Killed a Killer Klown
 68047 | Zot:4    | Noticed an orb of fire
 68051 | Zot:4    | Killed an orb of fire
 68057 | Zot:4    | Reached skill level 5 in Transmutations
 68121 | Zot:4    | Reached XP level 25. HP: 212/218 MP: 38/49
 69542 | Crypt:1  | Entered Level 1 of the Crypt
 69720 | Crypt:1  | Found a transporter.
 69823 | Crypt:1  | Found a transporter.
 69867 | Crypt:1  | Identified the +2 dagger of Gant {freeze, *Slow rN+ Int+4}
 70518 | Crypt:1  | Noticed an ancient lich
 70523 | Crypt:1  | Killed an ancient lich
 70567 | Crypt:1  | Identified the +7 mace "Luam" {drain, Fragile MP+9 SInv}
 70569 | Crypt:1  | Identified the ring "Amademu" {Ice Contam rPois Int+3 SInv}
 70582 | Crypt:1  | Identified the ring "Taol" {rN++ Str-2 Dex+6 SInv}
 71832 | Crypt:3  | Entered Level 3 of the Crypt
 72250 | Crypt:3  | Identified the amulet "Resh" {Will++ Regen+}
 72250 | Crypt:3  | Identified the ring "Ivuradd" {rN+ Str+4}
 72250 | Crypt:3  | Identified the ring "Fiolaa" {rN+ rCorr}
 72348 | Crypt:3  | Identified the +4 dagger "Anokh" {venom, rF- rC- Int+8}
 72351 | Crypt:3  | Identified the +7 long sword "Valof" {venom, Int+2}
 72548 | Crypt:3  | Noticed Khufu
 72548 | Crypt:3  | Noticed a royal mummy
 72549 | Crypt:3  | Noticed a royal mummy
 72551 | Crypt:3  | Noticed a royal mummy
 72552 | Crypt:3  | Killed a royal mummy
 72553 | Crypt:3  | Killed a royal mummy
 72554 | Crypt:3  | Killed Khufu
 72555 | Crypt:3  | Reached skill level 10 in Transmutations
 72555 | Crypt:3  | Killed a royal mummy
 72893 | Crypt:3  | Found a staircase to the Tomb.
 73319 | Pan      | Entered Pandemonium
 73363 | Pan      | Identified the +1 cloak of Gum Sul {Drain rC+ Int+5}
 73394 | Pan      | Noticed Gumumaq the pandemonium lord
 73400 | Pan      | Killed Gumumaq the pandemonium lord
 73407 | Pan      | Entered the realm of Cerebov.
 73428 | Pan      | Found the +6 sword of Cerebov {flame}
 73428 | Pan      | Noticed Cerebov
 73446 | Pan      | Identified the +11 shortbow of the Heavens {antimagic,
                  | Str+2 Int+5}
 73479 | Pan      | Acquired the +1 pair of gloves of Xivekem {rElec rPois}
 73502 | Pan      | Identified the ring of the Pariah {Will+ Slay+5}
 73510 | Pan      | Identified the +4 mace of Instinct {elec, rElec}
 73570 | Pan      | Killed Cerebov
 73571 | Pan      | Reached XP level 26. HP: 97/228 MP: 13/50
 73649 | Pan      | Got a fiery rune of Zot
 73671 | Pan      | Identified the +3 plate armour of Deeply Unsettling Fun
                  | {Harm}
 73677 | Pan      | Identified the +2 ring mail "Fimoh" {-Cast rPois rF+ Regen+
                  | Slay+3}
 73678 | Pan      | Identified the +11 longbow of Insomnia {heavy, rC+ Str+3}
 73700 | Pan      | Identified the staff of conjuration "Jaidainy" {MP+9 Str+3}
 73815 | Pan      | Got the Compilation of Dramatic Exits
 74084 | Pan      | Identified the staff of cold "Gudiwnit" {rC+ Int+3}
 74254 | Pan      | Found a transporter.
 74319 | Pan      | Found an exit through the horrors of the Abyss.
 74334 | Pan      | Found a transporter.
 74379 | Pan      | Gained mutation: Armour fits poorly on your strangely
                  | shaped body. [a cacodemon]
 74430 | Pan      | Lost mutation: A frigid envelope surrounds you and freezes
                  | all who hurt you. [potion of mutation]
 74430 | Pan      | Lost mutation: Your flesh is cold resistant. (rC+) [potion
                  | of mutation]
 74430 | Pan      | Gained mutation: You are weak. (Str -2) [potion of
                  | mutation]
 74430 | Pan      | Lost mutation: You are weak. (Str -2) [potion of mutation]
 74430 | Pan      | Gained mutation: Your flesh is cold resistant. (rC+)
                  | [potion of mutation]
 74431 | Pan      | Lost mutation: Your spells are a little harder to cast, but
                  | a little more powerful. [potion of mutation]
 74431 | Pan      | Lost mutation: Armour fits poorly on your strangely shaped
                  | body. [potion of mutation]
 74431 | Pan      | Gained mutation: You have sharp toenails. [potion of
                  | mutation]
 74442 | Pan      | Learned a level 8 spell: Necromutation
 74454 | Pan      | Learned a level 9 spell: Fire Storm
 74475 | Pan      | Reached XP level 27. HP: 235/235 MP: 50/50
 74489 | Pan      | Identified the ring "Jyamn" {Drain rC+ Will+ Str+2}
 74511 | Pan      | Identified the ring "Egohirpha" {Wiz rN+++ rCorr Str-5
                  | Int+2}
 74606 | Pan      | Noticed Letunest the pandemonium lord
 74762 | Pan      | Identified the +3 hand axe of Popular Demand {flame, rN+++
                  | Int+5 Dex-3}
 74932 | Pan      | Lost mutation: You occasionally shout uncontrollably at
                  | your foes. [potion of mutation]
 74932 | Pan      | Lost mutation: You have sharp toenails. [potion of
                  | mutation]
 74932 | Pan      | Gained mutation: You occasionally lose the ability to drink
                  | potions when taking damage. [potion of mutation]
 74932 | Pan      | Gained mutation: Your system is resistant to poisons.
                  | (rPois) [potion of mutation]
 74933 | Pan      | Lost mutation: Your system is resistant to poisons. (rPois)
                  | [potion of mutation]
 74933 | Pan      | Lost mutation: You occasionally lose the ability to drink
                  | potions when taking damage. [potion of mutation]
 74933 | Pan      | Lost mutation: Your flesh is cold resistant. (rC+) [potion
                  | of mutation]
 74933 | Pan      | Gained mutation: You are clumsy. (Dex -2) [potion of
                  | mutation]
 74933 | Pan      | Gained mutation: You have large cloven feet. [potion of
                  | mutation]
 74933 | Pan      | Gained mutation: Your natural rate of healing is unusually
                  | fast. [potion of mutation]
 75208 | Pan      | Noticed Oluj the pandemonium lord
 75213 | Pan      | Killed Oluj the pandemonium lord
 75417 | Pan      | Noticed Sysih the pandemonium lord
 75419 | Pan      | Reached skill level 15 in Necromancy
 75451 | Pan      | Killed Sysih the pandemonium lord
 75536 | Pan      | Learned a level 8 spell: Infestation
 75802 | Pan      | Identified the +8 tower shield of Resonance {Str-4 Int+5}
 76088 | Pan      | Reached skill level 15 in Transmutations
 76142 | Pan      | Noticed a seraph
 76148 | Pan      | Killed a seraph
 76162 | Pan      | Got a demonic rune of Zot
 76172 | Pan      | Identified the staff of conjuration "Susi" {Drain rC+
                  | Dex+5}
 76256 | Depths:2 | Escaped Pandemonium
 76841 | Elf:2    | Bought the +2 Maxwell's thermic engine {flame, freeze, rev}
                  | for 1452 gold pieces
 76841 | Elf:2    | Found the +2 Maxwell's thermic engine {flame, freeze, rev}
 76848 | Elf:2    | Bought a potion of heal wounds for 70 gold pieces
 76848 | Elf:2    | Bought a potion of haste for 140 gold pieces
 76848 | Elf:2    | Bought a potion of haste for 140 gold pieces
 77066 | D:4      | Bought a potion of mutation for 80 gold pieces
 77273 | Orc:2    | Bought a potion of haste for 120 gold pieces
 77273 | Orc:2    | Bought a potion of brilliance for 48 gold pieces
 77504 | Vaults:4 | Bought a scroll of amnesia for 84 gold pieces
 77871 | Lair:5   | Voluntarily entered the Abyss.
 78307 | Lair:5   | Escaped the Abyss
 78332 | Lair:5   | Voluntarily entered the Abyss.
 78583 | Abyss:3  | Got an abyssal rune of Zot
 78599 | Lair:5   | Escaped the Abyss
 78996 | Pan      | Entered the realm of Lom Lobon.
 78996 | Pan      | Entered Pandemonium
 79135 | Pan      | Noticed Lom Lobon
 79155 | Pan      | Got a magical rune of Zot
 79314 | Pan      | Reached skill level 19 in Fire Magic
 79363 | Pan      | Noticed Waciustra the pandemonium lord
 79370 | Pan      | Killed Waciustra the pandemonium lord
 79542 | Pan      | Entered the realm of Mnoleg.
 79698 | Pan      | Noticed Mnoleg
 79802 | Pan      | Killed Mnoleg
 79886 | Pan      | Got a glowing rune of Zot
 81041 | Pan      | Entered the realm of Gloorx Vloq.
 81078 | Pan      | Found an exit through the horrors of the Abyss.
 81263 | Pan      | Noticed Gloorx Vloq
 81269 | Pan      | Killed Gloorx Vloq
 81326 | Pan      | Got a dark rune of Zot
 81425 | Pan      | Noticed Lom Lobon
 81438 | Pan      | Killed Lom Lobon
 82433 | Pan      | Reached skill level 20 in Fire Magic
 82457 | Depths:2 | Escaped Pandemonium
 82800 | Tomb:1   | Entered Level 1 of the Tomb of the Ancients
 83947 | Tomb:1   | Reached skill level 10 in Long Blades
 84504 | Tomb:3   | Entered Level 3 of the Tomb of the Ancients
 85031 | Tomb:3   | Identified the ring "Saqujor" {Contam Drain rPois MP+9
                  | Int+6}
 85036 | Tomb:3   | Identified the ring of Cueguus {Fly rN+++ MP+9 Dex-3
                  | Stlth-}
 85039 | Tomb:3   | Identified the ring of the Suburbs {Wiz rF+ Str+4 Dex+4
                  | SInv}
 85043 | Tomb:3   | Got the Textbook on the Wendigo and Shapes
 85050 | Tomb:3   | Identified the +2 hat "Hom Touhav" {rC++}
 85052 | Tomb:3   | Identified the +4 double sword "Oniprits" {freeze, Int+4
                  | Stlth+}
 85054 | Tomb:3   | Identified the staff of air "Huil" {rElec Will++ Str+2
                  | Dex+3 Stlth+}
 85058 | Tomb:3   | Identified the staff of fire "Muazauryo" {rF+ SInv}
 85266 | Tomb:3   | Got a golden rune of Zot
 85901 | Hell     | Entered the Vestibule of Hell
 85901 | Hell     | Noticed Geryon
 85914 | Hell     | Killed Geryon
 85960 | Hell     | Found a gateway to the ashen valley of Gehenna.
 86120 | Hell     | Found a gateway to the Iron City of Dis.
 86326 | Hell     | Found a gateway to the decaying netherworld of Tartarus.
 86426 | Hell     | Reached skill level 21 in Fire Magic
 86438 | Hell     | Found a gateway to the freezing wastes of Cocytus.
 86574 | Dis:1    | Entered Level 1 of the Iron City of Dis
 86705 | Dis:2    | Killed from afar by a Hell Sentinel

Illustrated notes

Levels and vault maps discovered:
D:1:      dpeg_arrival_pits, layout_loops_cross, grunt_decor_arrowhead,
          grunt_decor_clamped, minmay_gold_behind_fungi, minmay_statues_item,
          minmay_box_of_dots
D:2:      cheibrodos_old_hovel, layout_basic, basic_altar, uniq_terence
D:3:      kennysheep_goblin_castle, layout_basic, dreamdust_princess_bridge,
          uniq_robin, uniq_sigmund, uniq_crazy_yiuf_cottage, uniq_ijyb
D:4:      layout_loops_ring, minitemple, serial_shops, shop_fountains,
          gup_sewer_entry_bubbles, minmay_snake_closets
D:5:      wad_woods_stonehenge, layout_basic, nemelex_diamond_rough_becter
D:6:      layout_basic, tso_altar, minmay_holes, uniq_maggie
D:7:      layout_cave_pools, nicolae_vehumet_altar_sigil,
          minmay_temple_entry_grid
D:8:      layout_basic, cheibriados_altar_1,
          nicolae_gozag_cash_rules_everything_around_me, uniq_joseph,
          uniq_amaemon
D:9:      layout_rooms, uniq_grum
D:10:     layout_irregular_city, mainiacjoe_overflow_alcove_1, nzn_random_ring,
          uniq_lodul
D:11:     layout_rooms, hellmonk_lair_entry_icy
D:12:     layout_irregular_city, erik_orc_3
D:13:     layout_loops_ring, grunt_ministairs_13
D:14:     layout_cave_pools, grunt_vaults_entry_fortified, elyvilon_altar_1,
          hangedman_aviary
D:15:     grunt_enter_depths_snipers, layout_rooms, minmay_misc_feat_rugged
Lair:1:   layout_concentric_octagons, uniq_sonja, uniq_gastronok
Lair:2:   layout_chaotic_city, guppyfry_snake_entry_garden, serial_rivers,
          chequers_serial_rivers_room_a, chequers_serial_rivers_room_a,
          chequers_serial_rivers_small_a, chequers_serial_rivers_small_a,
          chequers_serial_rivers_micro_a, chequers_serial_rivers_small_3,
          beast_lair_carwin_11
Lair:3:   layout_chaotic_city, palyth_hydra_swamp_entry, serial_bayou,
          serial_bayou_pond_b, serial_bayou_ford_a, serial_bayou_lake_a,
          serial_bayou_pond_e, chequers_serial_rivers_large_b
Lair:4:   layout_long_grid, slime_entry_1, st_stairs_3, patterned_corridor
Lair:5:   hellmonk_lair_end_abyssal_woods, layout_regular_city,
          portal_ice_cave_entry_pillars_1
Swamp:1:  layout_basic_swamp, evilmike_swamp_ruin_wall
Swamp:2:  layout_falls_marsh, gammafunk_ghost_abyssal_escape,
          evilmike_swamp_ruin_house_3, infiniplex_staircase_pool_2
Swamp:3:  layout_falls_marsh, nicolae_swamp_stair_fork
Swamp:4:  swamp_old_school, layout_basic_swamp, uniq_kirke
Snake:1:  layout_gridlike, hellmonk_ghost_happy_afterlife, grunt_megastairs_4,
          uniq_jorgrun
Snake:2:  layout_cave_town, serial_shops, shop, basic_altar, lemuel_fruit_tree
Snake:3:  cheibrodos_forgotten_conduit, layout_rooms,
          nicolae_snake_salamander_jacuzzi, minmay_shop_grove
Snake:4:  grunt_snake_rune_serpentine_throne, layout_cave_pods, st_stairs_5,
          nicolae_snake_gridmaze_swirls, beargit_elvish_explorers
Slime:1:  cheibrodos_slime_lost_civilization_3, layout_caves
Slime:2:  layout_caves
Slime:3:  layout_caves
Slime:4:  layout_caves
Slime:5
Orc:1:    layout_caves, basic_altar, serial_shops, nicolae_shop_rolling_square,
          uniq_erolcha, uniq_harold
Orc:2:    kennysheep_orc_mage_school, layout_caves, gammafunk_ghost_necromancy
Elf:1:    layout_loops_ring, serial_shops, shop, minmay_elf_sorcery,
          uniq_asterion
Elf:2:    elven_hall_of_blades_hangedman_alternative [mumra_blade_entry_dagger],
          layout_gridlike, serial_shops, shop, shop, shop,
          roderic_lattice_octagonal_star
Elf:3:    grunt_elf_hall_asides, layout_geoelf_octagon, uniq_nikola,
          uniq_saint_roka
Vaults:1: ontoclasm_vaults_eye, nicolae_vaults_little_squares_2,
          nicolae_vaults_puzzle_piece, vaults_room_grunt_arrival_checkpoint,
          nicolae_vaults_shrinking_rooms_2, vaults_dpeg_encased_lava,
          nicolae_vaults_tetromino_T_2, nicolae_vaults_diamond_1,
          nicolae_vaults_surprise_closet, nicolae_vaults_little_squares_3,
          nicolae_vaults_wine_cellar, vaults_dpeg_ring,
          layout_vaults_chaotic_city
Vaults:2: v_misc_30, grunt_vaults_trifunnel, nicolae_vaults_wrenched,
          nicolae_vaults_closet_pinwheel_4, v_misc_33,
          hangedman_vaults_capsules, nicolae_vaults_trapezoid_lopsided_3,
          layout_vaults_omnigrid
Vaults:3: minmay_crypt_entry_simple_round, nicolae_vaults_lightning_bolt,
          nicolae_vaults_ninety_degrees, st_cells, nicolae_vaults_tetromino_T_1,
          ontoclasm_vaults_spin, v_rooms_6, dpeg_vaults_monster_row,
          nicolae_vaults_mini_display_case, ontoclasm_vaults_gateway,
          layout_vaults_ring, serial_shops, nicolae_shop_behind_doors
Vaults:4: gammafunk_ghost_fury_of_okawaru, vaults_mumra_lcd,
          nicolae_vaults_stepped_doors, v_misc_29,
          nicolae_vaults_storage_closets_3, nicolae_vaults_spaceships,
          nicolae_vaults_border_crossing, v_rooms_1,
          nicolae_vaults_little_squares_5, nicolae_vaults_c_with_doors,
          v_misc_19, vaults_room_pool, layout_vaults_omnibox, serial_shops,
          nicolae_diamond_shop, serial_glass
Vaults:5
Crypt:1:  gammafunk_its_a_trap, layout_chaotic_city, minmay_misc_feat_alley,
          grunt_crypt_arrival_webbed, uniq_margery
Crypt:2:  minmay_shadows, layout_regular_city, grunt_megastairs_3
Crypt:3:  lightli_unholy_cathedral, layout_chaotic_city,
          nicolae_tomb_entry_rubble_hallway, uniq_grunn, uniq_khufu
Tomb:1
Tomb:2
Tomb:3
Depths:1: cross_vault, layout_gridlike, hangedman_geh_valley,
          gammafunk_ghost_mausoleum, nrook_loot_triangle,
          lightli_fourway_metalbox
Depths:2: kennysheep_large_vault, layout_cave_pools, grunt_pan_entry_spiral,
          hell_entry, minmay_misc_feat_enclosed, zin_scriptorium,
          uniq_josephina, uniq_enchantress
Depths:3: nooodl_glass_maze, layout_cave_pools, hell_entry,
          nicolae_abyss_entry_one_way_or_another, kennysheep_donut,
          minmay_stone_trees_small, tgw_trog, uniq_mara
Depths:4: evilmike_zot_entry_hall, layout_basic, enter_ziggurat_c,
          grunt_hell_entry_dis_old, abandoned_shop, serial_bayou_shore_b,
          uniq_jory
Hell
Dis:1:    layout_overlapping_boxes
Dis:2:    layout_regular_city, nicolae_dis_metal_dragon_surprise
Zot:1:    hangedman_zot_vaults_quadrants, layout_onion, bh_zot_ikea_curve,
          st_stairs_2, st_small_dragon_hoard_2, hangedman_swamp_dais
Zot:2:    layout_cellular_growth, uniq_parghit
Zot:3:    layout_onion_interference, grunt_megastairs_2
Zot:4:    layout_basic, hangedman_snake_sidewinding

Skill      XL: |  1  2  3  4  5  6  7  8  9 10 11 12 13 14 15 16 17 18 19 20 21 22 23 24 25 26 27 |
---------------+----------------------------------------------------------------------------------+-----
Spellcasting   | 2 3 4 5 6 7 8 9 10 11 12 13 15 16 17 19 | 19.2
Earth Magic    | 3 4 5 6 7 8 9 10 11 13 15 16 17 | 17.0
Conjurations   | 1 2 3 4 5 6 7 9 11 14 15 16 20 | 20.1
Dodging        | 2 3 4 5 8 9 10 11 14 | 14.4
Stealth        | 2 3 4 6 7 |  7.3
Fighting       | 1 3 4 5 6 7 9 10 11 12 13 14 15 16 17 18 | 18.8
Translocations | 2 4 6 7 |  7.0
Hexes          | 4 5 6 7 |  7.0
Long Blades    | 2 3 4 5 6 7 11 | 11.7
Armour         | 1 3 5 6 7 8 9 10 11 12 | 12.0
Shields        | 1 4 6 7 11 13 14 15 | 15.0
Necromancy     | 2 6 8 11 13 14 15 | 15.0
Ice Magic      | 2 5 9 |  9.6
Fire Magic     | 2 6 9 12 16 17 18 21 | 21.0
Transmutations | 5 12 13 15 | 15.0

Action                     |  1- 3 |  4- 6 |  7- 9 | 10-12 | 13-15 | 16-18 | 19-21 | 22-24 | 25-27 || total
---------------------------+-------+-------+-------+-------+-------+-------+-------+-------+-------++-------
  Melee: Spear             |    16 |    38 |       |       |       |       |       |       |       ||    54
         Mace              |       |    23 |     2 |       |       |       |       |       |       ||    25
         Punch             |       |     1 |       |       |       |       |       |       |       ||     1
         Staff             |       |       |     4 |     6 |     7 |     4 |     8 |     2 |       ||    31
         Long sword        |       |       |     7 |       |       |       |       |       |       ||     7
         Scimitar          |       |       |     6 |    10 |   159 |    34 |    25 |     8 |    15 ||   257
         Flail             |       |       |       |       |       |       |     1 |       |       ||     1
         Eudemon blade     |       |       |       |       |       |       |       |       |    29 ||    29
         Double sword      |       |       |       |       |       |       |       |       |    49 ||    49
  Throw: Dart              |       |       |       |     3 |     1 |       |       |       |       ||     4
   Cast: Sandblast         |    63 |    78 |    60 |       |       |       |       |       |       ||   201
         Stone Arrow       |     4 |    24 |   130 |   197 |   149 |    88 |    31 |    44 |    28 ||   695
         Fulminant Prism   |       |       |    11 |    38 |   105 |     4 |     3 |       |       ||   161
         Lee's Rapid Decon |       |       |       |    38 |   112 |   156 |   268 |   176 |    94 ||   844
         Iskenderun's Myst |       |       |       |    10 |     8 |       |     1 |     2 |       ||    21
         Borgnjor's Vile C |       |       |       |       |   159 |   262 |   154 |   260 |   238 ||  1073
         Animate Dead      |       |       |       |       |    14 |    15 |    18 |    22 |     4 ||    73
         Death Channel     |       |       |       |       |       |    34 |    43 |    48 |    45 ||   170
         Sublimation of Bl |       |       |       |       |       |    51 |   111 |   132 |   397 ||   691
         Ozocubu's Armour  |       |       |       |       |       |    13 |    18 |    21 |    15 ||    67
         Apportation       |       |       |       |       |       |     5 |     1 |       |     2 ||     8
         Ignition          |       |       |       |       |       |       |   113 |   180 |   226 ||   519
         Lehudib's Crystal |       |       |       |       |       |       |       |    66 |   457 ||   523
         Passage of Golubr |       |       |       |       |       |       |       |     7 |     2 ||     9
         Statue Form       |       |       |       |       |       |       |       |     3 |    10 ||    13
         Necromutation     |       |       |       |       |       |       |       |       |   114 ||   114
         Infestation       |       |       |       |       |       |       |       |       |    93 ||    93
         Fire Storm        |       |       |       |       |       |       |       |       |    69 ||    69
Ability: End Transformatio |       |       |       |       |       |       |       |     3 |    89 ||    92
  Evoke: Wand              |       |       |       |     3 |       |       |       |     1 |     8 ||    12
         Phantom mirror    |       |       |       |       |     3 |     1 |       |     2 |     3 ||     9
         Box of beasts     |       |       |       |       |     1 |       |       |       |       ||     1
    Use: Scroll            |     4 |     3 |    11 |     7 |    12 |     6 |     6 |    17 |    23 ||    89
         Potion            |     1 |     1 |     1 |       |     1 |     1 |     6 |     9 |    19 ||    39
   Stab: Sleeping          |     2 |       |       |       |     3 |       |       |       |       ||     5
         Distracted        |       |       |       |       |     1 |       |     4 |       |     5 ||    10
 Armour: Robe              |     5 |    18 |    14 |     7 |    31 |    48 |    49 |    54 |   185 ||   411
         Swamp dragon scal |       |       |       |     2 |       |       |       |       |       ||     2
         Ring mail         |       |       |       |       |    58 |       |       |       |       ||    58
         Skin              |       |       |       |       |       |       |       |     1 |    17 ||    18
  Dodge: Dodged            |    20 |    82 |    67 |   156 |   202 |   128 |    88 |   107 |   340 ||  1190
         Repelled          |       |       |       |     1 |     8 |     2 |       |     5 |     1 ||    17
  Block: Buckler           |       |       |       |     1 |    92 |    36 |       |    17 |   228 ||   374
         Reflection        |       |       |       |       |     7 |    11 |    46 |    11 |       ||    75
         Kite shield       |       |       |       |       |       |    49 |   136 |    78 |       ||   263
